 Dungeon Sprint DCSS version 0.22-a0-322-g60b3cfd402 (webtiles) character file.

16818 Callister the Stickfighter (level 12, -24/107 HPs)
             Began as a Demonspawn Gladiator on Apr 4, 2018.
             Was the Champion of Makhleb.
             Killed from afar by an ice dragon (59 damage)
             ... with a blast of cold
             ... in the Dungeon (Sprint IX: "|||||||||||||||||||||||||||||").
             The game lasted 00:06:48 (2950 turns).

Callister the Stickfighter (Demonspawn Gladiator)   Turns: 2950, Time: 00:06:48

Health: -24/107    AC: 19    Str: 15    XL:     12   Next: 13%
Magic:  26/26      EV: 19    Int: 10    God:    Makhleb [******]
Gold:   1293       SH:  0    Dex: 17    Spells: 6/11 levels left

rFire    + + .     SeeInvis .   u - +4 quarterstaff (speed)
rCold    . . .     Gourm    .   (shield currently unavailable)
rNeg     . . .     Faith    .   G - +0 swamp dragon scales
rPois    +         Spirit   .   z - +2 hat {MR+}
rElec    .         Reflect  .   E - +1 cloak
rCorr    .         Harm     .   s - +0 pair of gloves
MR       +....     Rnd*Rage +   r - +0 pair of boots Stlth +.........NoTele +
                                (no amulet)
HPRegen  0.27/turn              q - +2 ring of evasion
MPRegen  0.20/turn              C - ring of protection from fire

@: no status effects
A: claws 2, thin metallic scales 1, berserk 1, clumsy 1, demonic guardian 1,
fire resistance 1, high mp 1
a: Minor Destruction, Lesser Servant of Makhleb, Major Destruction, Greater
Servant of Makhleb, Renounce Religion


You were in the Dungeon.
You worshipped Makhleb.
Makhleb was exalted by your worship.
You were hungry.

You visited 1 branch You collected 1913 gold pieces.
You spent 620 gold pieces at shops.

Inventory:

Hand Weapons
 u - a +4 quarterstaff of speed (weapon)
 D - the cursed +0 quarterstaff "Zurr" {antimagic, SInv}
   (You found it in the Dungeon)

   It reduces the magical energy of the wielder, and disrupts the spells and
   magical abilities of those hit.
   Natural abilities and divine invocations are not affected.
   It lets you see invisible.
   It has a curse placed upon it.
Missiles
 d - 3 throwing nets (quivered)
Armour
 r - a +0 pair of boots (worn)
 s - a +0 pair of gloves (worn)
 z - a +2 hat of magic resistance (worn)
 E - a +1 cloak (worn)
 G - +0 swamp dragon scales (worn)
Magical Staves
 t - an uncursed staff of energy
Jewellery
 p - a +3 ring of strength
 q - a +2 ring of evasion (left hand)
 A - an uncursed ring of ice
 B - an uncursed ring of poison resistance
 C - a ring of protection from fire (right hand)
Wands
 j - a wand of polymorph (10)
 o - a wand of iceblast (10)
Scrolls
 b - 2 scrolls of enchant weapon
 k - 4 scrolls of blinking
 m - 6 scrolls of remove curse
 n - 2 scrolls of amnesia
 w - 2 scrolls of fog
 x - a scroll of identify
 y - 2 scrolls of enchant armour
Potions
 a - 3 potions of resistance
 c - a potion of agility
 e - 5 potions of curing
 g - a potion of berserk rage
 i - 4 potions of magic
 l - 6 potions of heal wounds
Comestibles
 f - 12 rations


   Skills:
 + Level 14.1 Fighting
 + Level 17.7 Staves
 - Level 1.7 Throwing
 + Level 10.2 Armour
 + Level 9.4 Dodging
 * Level 16.1 Invocations


You had 6 spell levels left.
You knew the following spells:

 Your Spells              Type           Power        Failure   Level  Hunger
a - Animate Skeleton      Necr           N/A          54%         1    ##.....
b - Petrify               Tmut/Erth      #.......     99%         4    #####..


Dungeon Overview and Level Annotations

Branches:
Dungeon (1/1)

Altars:
Cheibriados
Dithmenos
Elyvilon
Fedhas
Gozag
Hepliaklqana
Kikubaaqudgha
Makhleb
Nemelex Xobeh
Okawaru
Qazlal
Ru
Sif Muna
Trog
Uskayaw
Vehumet
Wu Jian
Xom
Yredelemnul
Zin
The Shining One
Beogh
Jiyva
Lugonu

Shops:
D *!:}


Innate Abilities, Weirdness & Mutations

You have very sharp fingernails.
You are partially covered in thin metallic scales. (AC +2)
A weak demonic guardian rushes to your aid.
Your flesh is heat resistant. (rF+)
You tend to lose your temper in combat.
You are clumsy. (Dex -2)
You have an increased reservoir of magic. (+10% MP)


Message History

The ice dragon is almost dead.
You hit the ice dragon.
The ice dragon is almost dead.
You hit the ice dragon but do no damage.
The ice dragon is almost dead.
The ice dragon bites you!
* * * LOW HITPOINT WARNING * * *
The ice dragon claws you but does no damage.
The ice dragon closely misses you.
You hit the ice dragon but do no damage.
The ice dragon is almost dead.
You closely miss the ice dragon.
The ice dragon is almost dead.
The ice dragon completely misses you. The ice dragon barely misses you.
The ice dragon tramples you but does no damage.
You feel much better. The ice dragon breathes frost at you.
The blast of cold hits you!
Ouch! That really hurt!
You die...

▓▓▓▓▓▓▓▓▓▓▓▓▓▓▓▓▓▓▓▓▓▓▓▓
..ZZDCD@).))†).)........
▓▓▓▓▓▓▓▓▓▓▓▓▓▓▓▓▓▓▓▓▓▓▓▓▓▓▓▓▓▓▓▓▓
......†).........................
▓▓▓▓▓▓▓▓▓▓▓▓▓▓▓▓▓▓▓▓▓▓▓▓▓▓▓▓▓▓▓▓▓
........'.....∩)∩.∩)∩)))))).)))))
▓▓▓▓▓▓▓▓▓▓▓▓▓▓▓▓▓▓▓▓▓▓▓▓▓▓▓▓▓▓▓▓▓
...).............................
▓▓▓▓▓▓▓▓▓▓▓▓▓▓▓▓▓▓▓▓▓▓▓▓▓▓▓▓▓▓▓▓▓
...'...[[[..'.).).......†'.......


You could see 2 ice dragons, an ettin, an adder zombie and a jackal zombie.

Vanquished Creatures
  Gastronok (D)
  A hydra (D)
  2 centaur warriors (D)
  A deep troll shaman (D)
  A tengu warrior (D)
  An orc knight (D)
  6 orc sorcerers (D)
  A manticore (shapeshifter) (D)
  A wolf spider (D)
  A manticore (D)
  A black mamba (D)
  Joseph (D)
  6 spiny frogs (D)
  2 yaktaurs (D)
  A komodo dragon (D)
  A rime drake (D)
  A polar bear (D)
  2 blink frogs (D)
  A hippogriff (D)
  3 yaks (D)
  Grum (D)
  A vampire mosquito (D)
  A water moccasin (D)
  A porcupine (D)
  14 orc warriors (D)
  A sky beast (D)
  2 phantoms (D)
  4 wolves (D)
  A centaur (D)
  2 crocodiles (D)
  5 bullfrogs (D)
  A howler monkey (D)
  2 crimson imps (D)
  3 orc priests (D)
  2 iguanas (D)
  A worker ant (D)
  11 orc wizards (D)
  A shadow imp (D)
  An adder zombie (D)
  An adder skeleton (D)
  A leopard gecko (D)
  5 orcs (D)
  A bat (D)
  3 goblins (D)
  A rat (D)
102 creatures vanquished.

Notes
Turn   | Place    | Note
-------+----------+-------------------------------------------
     0 | D        | Callister the Demonspawn Gladiator began the quest for the Orb.
     0 | D        | Reached XP level 1. HP: 16/16 MP: 1/1
     5 | D        | Reached skill level 3 in Staves
    12 | D        | Reached skill level 4 in Staves
    21 | D        | Noticed a phantom
    21 | D        | Noticed a howler monkey
    21 | D        | Noticed a sky beast
    30 | D        | Gained mutation: You have sharp fingernails. [demonic ancestry]
    30 | D        | Reached XP level 2. HP: 22/22 MP: 2/2
    35 | D        | Killed a sky beast
    35 | D        | Reached skill level 8 in Staves
    35 | D        | Gained mutation: You are partially covered in thin metallic scales. (AC +2) [demonic ancestry]
    35 | D        | Reached XP level 3. HP: 22/27 MP: 3/3
    35 | D        | Reached XP level 4. HP: 27/33 MP: 4/4
    44 | D        | Reached skill level 9 in Staves
    44 | D        | Gained mutation: You have very sharp fingernails. [demonic ancestry]
    44 | D        | Reached XP level 5. HP: 12/38 MP: 5/5
    64 | D        | Killed a phantom
    64 | D        | Reached skill level 11 in Staves
    74 | D        | Found a roughly hewn altar of Beogh.
    74 | D        | Found a snail-covered altar of Cheibriados.
    74 | D        | Found a shadowy altar of Dithmenos.
    74 | D        | Found a white marble altar of Elyvilon.
    74 | D        | Found a blossoming altar of Fedhas.
    74 | D        | Found an opulent altar of Gozag.
    75 | D        | Found a hazy altar of Hepliaklqana.
    76 | D        | Found a viscous altar of Jiyva.
    77 | D        | Found an ancient bone altar of Kikubaaqudgha.
    78 | D        | Found a corrupted altar of Lugonu.
    79 | D        | Found a burning altar of Makhleb.
    80 | D        | Found a sparkling altar of Nemelex Xobeh.
    81 | D        | Found an iron altar of Okawaru.
    82 | D        | Found a stormy altar of Qazlal.
    83 | D        | Found a sacrificial altar of Ru.
    84 | D        | Found a deep blue altar of Sif Muna.
    85 | D        | Found a bloodstained altar of Trog.
    86 | D        | Found a hide-covered altar of Uskayaw.
    87 | D        | Became a worshipper of Makhleb the Destroyer
    88 | D        | Found a radiant altar of Vehumet.
    89 | D        | Found an ornate altar of the Wu Jian Council.
    90 | D        | Found a shimmering altar of Xom.
    91 | D        | Found a basalt altar of Yredelemnul.
    92 | D        | Found a glowing silver altar of Zin.
    93 | D        | Found a glowing golden altar of the Shining One.
   159 | D        | Noticed a centaur
   166 | D        | Reached skill level 1 in Invocations
   173 | D        | Killed a centaur
   173 | D        | Reached * piety under Makhleb
   173 | D        | Reached XP level 6. HP: 38/46 MP: 5/8
   180 | D        | Reached skill level 1 in Armour
   188 | D        | Reached ** piety under Makhleb
   188 | D        | Reached skill level 12 in Staves
   202 | D        | Noticed a yak
   217 | D        | Killed a yak
   217 | D        | Reached skill level 5 in Dodging
   217 | D        | Reached skill level 5 in Invocations
   217 | D        | Gained mutation: Your flesh is heat resistant. (rF+) [demonic ancestry]
   217 | D        | Reached XP level 7. HP: 34/53 MP: 8/11
   225 | D        | Reached *** piety under Makhleb
   379 | D        | Noticed a rime drake
   379 | D        | Noticed a yak
   379 | D        | Noticed a five-headed hydra
   379 | D        | Noticed a spiny frog
   379 | D        | Noticed a yak
   387 | D        | Killed a yak
   387 | D        | Reached skill level 13 in Staves
   391 | D        | Noticed a spiny frog
   395 | D        | Killed a spiny frog
   395 | D        | Reached **** piety under Makhleb
   395 | D        | Reached skill level 5 in Fighting
   395 | D        | Reached XP level 8. HP: 62/62 MP: 11/13
   402 | D        | Noticed a komodo dragon
   402 | D        | Killed a five-headed hydra
   402 | D        | Reached skill level 14 in Staves
   408 | D        | Reached skill level 5 in Armour
   411 | D        | Reached XP level 9. HP: 53/71 MP: 12/16
   418 | D        | Killed a rime drake
   424 | D        | Killed a spiny frog
   424 | D        | Reached ***** piety under Makhleb
   424 | D        | Reached skill level 10 in Invocations
   440 | D        | Killed a komodo dragon
   440 | D        | Reached skill level 15 in Staves
   440 | D        | HP: 3/72 [poisoned by a spiny frog]
   713 | D        | Noticed a polar bear
   713 | D        | Noticed a black mamba
   721 | D        | Noticed a spiny frog
   723 | D        | Killed a black mamba
   747 | D        | Killed a polar bear
   765 | D        | Reached XP level 10. HP: 81/81 MP: 18/18
   776 | D        | Killed a spiny frog
   781 | D        | Reached ****** piety under Makhleb
  1040 | D        | Noticed a spiny frog
  1040 | D        | Noticed a spiny frog
  1040 | D        | Noticed a spiny frog
  1049 | D        | Killed a spiny frog
  1063 | D        | Killed a spiny frog
  1081 | D        | Killed a spiny frog
  1366 | D        | Noticed Gastronok
  1395 | D        | Killed Gastronok
  1395 | D        | Reached skill level 16 in Staves
  1396 | D        | Noticed Joseph
  1412 | D        | Killed Joseph
  1412 | D        | Gained mutation: A weak demonic guardian rushes to your aid. [demonic ancestry]
  1412 | D        | Reached XP level 11. HP: 51/93 MP: 21/21
  1618 | D        | Noticed an orc sorcerer
  1630 | D        | Killed an orc sorcerer
  2101 | D        | Noticed an orc knight
  2118 | D        | Killed an orc knight
  2440 | D        | Found Taeklaq's Gadget Boutique.
  2440 | D        | Noticed an orc sorcerer
  2440 | D        | Noticed an orc sorcerer
  2443 | D        | Noticed an orc sorcerer
  2446 | D        | Killed an orc sorcerer
  2455 | D        | Killed an orc sorcerer
  2456 | D        | Found Aqibekh's Book Shop.
  2473 | D        | Killed an orc sorcerer
  2474 | D        | Found Xugaick's Distillery.
  2474 | D        | Noticed an orc sorcerer
  2483 | D        | Found Qevom's General Store.
  2508 | D        | Killed an orc sorcerer
  2509 | D        | Noticed an orc sorcerer
  2512 | D        | Noticed a soul eater
  2572 | D        | Killed an orc sorcerer
  2572 | D        | Reached skill level 17 in Staves
  2576 | D        | Reached skill level 15 in Invocations
  2624 | D        | Bought a potion of heal wounds for 70 gold pieces
  2624 | D        | Bought a potion of heal wounds for 70 gold pieces
  2626 | D        | Bought a book of Misfortune for 240 gold pieces
  2626 | D        | Bought a book of Cantrips for 240 gold pieces
  2628 | D        | Learned a level 1 spell: Animate Skeleton
  2633 | D        | Learned a level 4 spell: Petrify
  2658 | D        | Noticed Grum
  2673 | D        | Killed Grum
  2758 | D        | Got the cursed +0 quarterstaff "Zurr" {antimagic, SInv}
  2817 | D        | Gained mutation: You tend to lose your temper in combat. [potion of mutation]
  2817 | D        | Gained mutation: You are clumsy. (Dex -2) [potion of mutation]
  2817 | D        | Gained mutation: You have an increased reservoir of magic. (+10% MP) [potion of mutation]
  2829 | D        | Noticed a centaur warrior
  2829 | D        | Noticed a wolf spider
  2829 | D        | Noticed a tengu warrior
  2849 | D        | Killed a tengu warrior
  2857 | D        | Killed a wolf spider
  2868 | D        | Noticed a centaur warrior
  2873 | D        | Killed a centaur warrior
  2884 | D        | Reached skill level 10 in Armour
  2885 | D        | Noticed a deep troll shaman
  2893 | D        | Reached XP level 12. HP: 87/106 MP: 24/26
  2902 | D        | Noticed an ice dragon
  2903 | D        | Killed a centaur warrior
  2907 | D        | Noticed an ettin
  2909 | D        | Noticed an ice dragon
  2920 | D        | Killed a deep troll shaman
  2950 | D        | Killed from afar by an ice dragon

Vault maps used:
D:        linesprint

Skill      XL: |  1  2  3  4  5  6  7  8  9 10 11 12 |
---------------+-------------------------------------+-----
Staves         | 4 8 9 11 12 13 14 15 16 17 | 17.7
Dodging        | 3 5 6 8 9 |  9.4
Invocations    | 3 5 7 9 11 13 15 16 | 16.1
Armour         | 2 3 5 7 8 10 | 10.2
Fighting       | 3 5 6 8 11 13 14 | 14.1
Throwing       | |  1.7

Action                   |  1- 3 |  4- 6 |  7- 9 | 10-12 || total
-------------------------+-------+-------+-------+-------++-------
Melee: Quarterstaff      |    23 |    62 |   136 |   518 ||   739
  Use: Potion            |     1 |     1 |     1 |     5 ||     8
 Stab: Invisible         |       |       |       |     8 ||     8
  Eat: Chunk             |       |       |       |     6 ||     6
Armor: Leather armour    |     4 |     7 |       |       ||    11
       Scale mail        |       |     7 |    22 |    37 ||    66
       Swamp dragon scal |       |       |       |    26 ||    26
Dodge: Dodged            |    15 |    19 |    45 |   139 ||   218

Table legend:
 A = Spawn XP
 B = Non-spawn XP
 C = Spawn XP percentage of total XP
 D = Spawn monster count
 E = Non-spawn monster count
 F = Spawn count percentage of total count
 G = Total turns spent on level
                    A         B        C        D         E        F      G
               +---------+---------+-------+---------+---------+-------+---------
         Total |       0 |   24027 |   0.0 |       0 |     102 |   0.0 |  2950
               +---------+---------+-------+---------+---------+-------+---------
             D |       0 |   24027 |   0.0 |       0 |     102 |   0.0 |  2950
               +---------+---------+-------+---------+---------+-------+---------
